 Dungeon Crawl Stone Soup version 0.23-a0-405-g368ce00 (webtiles) character file.

132 Gran0la the Skirmisher (level 4, -1/61 HPs)
             Began as a Minotaur Berserker on Nov 6, 2018.
             Was a Believer of Trog.
             Killed from afar by Natasha (7 damage)
             ... with a magic dart
             ... on level 3 of the Dungeon.
             The game lasted 00:07:26 (2428 turns).

Gran0la the Skirmisher (Minotaur Berserker)         Turns: 2428, Time: 00:07:27

Health: -1/61      AC:  2    Str: 28    XL:     4   Next: 92%
Magic:  3/3        EV: 13    Int:  4    God:    Trog [**....]
Gold:   108        SH:  0    Dex:  9    Spells: 3/3 levels left

rFire    . . .     SeeInvis .   a - +0 hand axe
rCold    . . .     Gourm    .   (no shield)
rNeg     . . .     Faith    .   b - +0 animal skin
rPois    .         Spirit   .   (helmet restricted)
rElec    .         Reflect  .   (no cloak)
rCorr    .         Harm     .   (no gloves)
MR       .....                  (no boots)
Stlth    ..........             (no amulet)
HPRegen  0.20/turn              (no ring)
MPRegen  0.08/turn              (no ring)

@: berserking, slowed
A: retaliatory headbutt, horns 2
a: Berserk, Trog's Hand, Renounce Religion


You were on level 3 of the Dungeon.
You worshipped Trog.
Trog was pleased with you.
You were very hungry.

You visited 1 branch of the dungeon, and saw 3 of its levels.

You collected 108 gold pieces.

Inventory:

Hand Weapons
 a - a +0 hand axe (weapon)
Armour
 b - a +0 animal skin (worn)
Jewellery
 m - an uncursed amulet of regeneration
Scrolls
 e - a scroll of teleportation {unknown}
 f - 2 scrolls of fear
 i - a scroll of magic mapping {unknown}
 k - a scroll of blinking {unknown}
 l - 2 scrolls of amnesia
 o - 2 scrolls of enchant weapon {unknown}
Potions
 d - a potion of ambrosia {unknown}
 g - a potion of might {unknown}
 h - a potion of mutation {unknown}
 j - 2 potions of berserk rage
 p - a potion of degeneration {unknown}
Comestibles
 c - 2 rations


   Skills:
 + Level 4.6 Fighting
 + Level 4.6 Axes
 + Level 3.7 Armour
 + Level 3.3 Dodging


You had 3 spell levels left.
You didn't know any spells.
Your spell library was empty.

Dungeon Overview and Level Annotations

Branches:
Dungeon (3/15)

Altars:
Makhleb

Annotations:
D:3 Natasha


Innate Abilities, Weirdness & Mutations

You reflexively headbutt those who attack you in melee.
You have a pair of horns on your head.


Message History

You hit Natasha. Your headbutt misses Natasha.
Natasha is moderately wounded.
You barely miss the iron imp. The iron imp hits you. Natasha claws you.
You barely miss Natasha. Your headbutt misses Natasha.
Natasha is moderately wounded.
You closely miss the iron imp. Natasha claws you!
The iron imp closely misses you. You furiously retaliate!
You headbutt the iron imp! Natasha barely misses you. The iron imp hits you!
* * * LOW HITPOINT WARNING * * *
A red film seems to cover your vision as you go berserk!
You feel yourself moving faster!
You feel mighty!
You are feeling very hungry.
Natasha completely misses you. The iron imp hits you.
* * * LOW HITPOINT WARNING * * *
The kobold barely misses you.
Natasha mumbles some strange words.
Natasha's front paws start to glow.
Natasha casts a spell at you. The magic dart hits you!
You die...

##........ # ##.........
. ##..........
###.##...........
....#............
................ ####
#...5hK...... ######...
#...@....... ........#
###..(.......
........####.)..........
........'..#.##.........
........##.#)#......!...
.......)##...#####......
........###### ......
........######## .#..(.
...............# #.


You could see an iron imp, Natasha and a kobold.

Vanquished Creatures
  Terence (D:3)
  Natasha (D:3)
  2 adders (D:2)
  2 worms (D:2)
  A dart slug (D:1)
  A leopard gecko (D:2)
  3 orcs (D:3)
  3 bats
  2 giant cockroaches
  2 goblins (D:2)
  10 hobgoblins
  6 jackals
  7 kobolds
  2 frilled lizards
  6 rats
49 creatures vanquished.

Notes
Turn   | Place    | Note
-------+----------+-------------------------------------------
     0 | D:1      | Gran0la the Minotaur Berserker began the quest for the Orb.
     0 | D:1      | Reached XP level 1. HP: 19/19 MP: 0/0
    61 | D:1      | Reached XP level 2. HP: 15/27 MP: 1/1
   703 | D:1      | Reached XP level 3. HP: 33/33 MP: 2/2
   994 | D:2      | Found a burning altar of Makhleb.
  1005 | D:2      | Reached ** piety under Trog
  1546 | D:2      | Reached XP level 4. HP: 18/41 MP: 3/3
  2048 | D:3      | Noticed Terence
  2061 | D:3      | Killed Terence
  2078 | D:3      | Noticed Natasha
  2089 | D:3      | Killed Natasha
  2419 | D:3      | Noticed Natasha
  2428 | D:3      | Killed from afar by Natasha

Vault maps used:
D:1:      dpeg_arrival_windows_large_door, minmay_misc_feat_roman,
          chequers_serial_rivers_micro_c, minivault_14,
          chequers_serial_rivers_micro_d
D:2:      bloody_makhleb
D:3:      first_ration, uniq_natasha, uniq_terence

Skill      XL: |  1  2  3 |
---------------+----------+-----
Axes           | 4 |  4.6
Armour         | 3 |  3.7
Fighting       | 4 |  4.6
Dodging        | 3 |  3.3

Action                   |  1- 3 |  4- 6 || total
-------------------------+-------+-------++-------
Melee: Hand axe          |    90 |    22 ||   112
       Headbutt          |    10 |     3 ||    13
Invok: Berserk           |     1 |     2 ||     3
  Use: Scroll            |       |     4 ||     4
  Eat: Chunk             |     3 |       ||     3
       Ration            |       |     1 ||     1
Armor: Animal skin       |    10 |       ||    10
Dodge: Dodged            |    51 |    25 ||    76

Table legend:
 A = Non-vault XP
 B = Vault XP
 C = Vault XP percentage of total XP
 D = Non-vault monster count
 E = Vault monster count
 F = Vault count percentage of total count
                 A         B        C        D         E       F
            +---------+---------+-------+---------+---------+-------
      Total |     118 |      71 |  37.6 |      47 |       2 |   4.1
            +---------+---------+-------+---------+---------+-------
        D:1 |      43 |       0 |   0.0 |      22 |       0 |   0.0
        D:2 |      60 |       0 |   0.0 |      19 |       0 |   0.0
        D:3 |      15 |      71 |  82.6 |       6 |       2 |  25.0
            +---------+---------+-------+---------+---------+-------
